 Dungeon Crawl Stone Soup version 0.21.0-3-g78d12a8 (webtiles) character file.

90 Ghouzt the Skirmisher (level 4, -6/40 HPs)
             Began as a Hill Orc Fighter on Jan 9, 2018.
             Mangled by Natasha (10 damage)
             ... on level 2 of the Dungeon.
             The game lasted 00:02:39 (1455 turns).

Ghouzt the Skirmisher (Hill Orc Fighter)            Turns: 1455, Time: 00:02:40

Health: -6/40      AC:  7    Str: 24    XL:     4   Next: 56%
Magic:  4/4        EV:  8    Int:  8    God:
Gold:   116        SH:  9    Dex: 10    Spells: 3/3 levels left

rFire    . . .     SeeInvis .   a - +0 war axe
rCold    . . .     Gourm    .   c - +0 shield
rNeg     . . .     Faith    .   b - +0 scale mail
rPois    +         Spirit   .   (no helmet)
rElec    .         Reflect  .   (no cloak)
rCorr    .         Harm     .   (no gloves)
MR       .....                  (no boots)
Stlth    ..........             (no amulet)
HPRegen  0.13/turn              k - ring of poison resistance
MPRegen  0.09/turn              (no ring)

@: mighty
A: no striking features
a: no special abilities


You were on level 2 of the Dungeon.
You were not hungry.

You visited 1 branch of the dungeon, and saw 2 of its levels.

You collected 116 gold pieces.

Inventory:

Hand Weapons
 a - a +0 war axe (weapon)
Armour
 b - a +0 scale mail (worn)
 c - a +0 shield (worn)
Jewellery
 k - a ring of poison resistance (left hand)
Scrolls
 e - 2 scrolls of teleportation {unknown}
 g - a scroll of enchant weapon {unknown}
 h - a scroll of remove curse {unknown}
 i - a scroll of fog {unknown}
 j - 3 scrolls of magic mapping {unknown}
 m - a scroll of identify {unknown}
Potions
 d - a potion of might
Comestibles
 f - 4 rations
 l - a chunk of flesh


   Skills:
 + Level 4.2 Fighting
 * Level 3.5 Axes
 + Level 3.8 Armour
 - Level 1.3 Dodging
 + Level 3.8 Shields


You had 3 spell levels left.
You didn't know any spells.

Dungeon Overview and Level Annotations

Branches:
Dungeon (2/15)

Altars:
Ru
Vehumet

Annotations:
D:2 Natasha


Message History

The crimson imp hits you but does no damage.
You block Natasha's attack.
You barely miss Natasha.
Natasha is lightly wounded.
Your shield prevents you from hitting the crimson imp.
The crimson imp hits you but does no damage.
Natasha claws you!
* * * LOW HITPOINT WARNING * * *
The crimson imp completely misses you. Natasha claws you.
* * * LOW HITPOINT WARNING * * *
You feel very mighty all of a sudden.
The crimson imp hits you but does no damage.
Natasha claws you.
* * * LOW HITPOINT WARNING * * *
You barely miss Natasha.
Natasha is lightly wounded.
You slash the crimson imp! The crimson imp hits you.
* * * LOW HITPOINT WARNING * * *
Natasha claws you!
You die...

#......# #.##### #......#
###### #.....# #......##
#....# #####.#
#...)...###.##.# #.#
####.##.#....#.# #.#
#...(((...#.##########.#
##..#.####.#.#..........#
#...#.# #..#.#5##########
#...#.# #.##.#@#........#
#.#.#.# #.##.#h#.######.#
#...#.# #.##.....# #.#
#######.###......########.#
<.......#..5#.#..#..#.....#
#########.#.#.#..#.##.#####
............#.#..#.##.#
#########.###.#..#..#.#
#.....#..##.#.#


You could see Natasha and a crimson imp.

Vanquished Creatures
  Natasha (D:2)
  3 adders (D:2)
  A worm (D:2)
  4 dart slugs
  A leopard gecko (D:1)
  A ball python (D:2)
  2 bats (D:1)
  A giant cockroach (D:1)
  2 goblins (D:1)
  2 hobgoblins
  4 jackals (D:1)
  2 quokkas (D:2)
  3 frilled lizards
  4 kobolds
  4 rats (D:2)
35 creatures vanquished.

Vanquished Creatures (others)
  Natasha (D:2)
  A giant cockroach (D:2)
  A hobgoblin (D:2)
  3 jackals (D:2)
6 creatures vanquished.

Grand Total: 41 creatures vanquished

Notes
Turn   | Place    | Note
-------+----------+-------------------------------------------
     0 | D:1      | Ghouzt the Hill Orc Fighter began the quest for the Orb.
     0 | D:1      | Reached XP level 1. HP: 19/19 MP: 1/1
    99 | D:1      | Reached XP level 2. HP: 27/27 MP: 2/2
   402 | D:1      | Reached skill level 4 in Fighting
   402 | D:1      | Reached XP level 3. HP: 33/33 MP: 3/3
   925 | D:2      | Found a sacrificial altar of Ru.
  1120 | D:2      | Noticed Natasha
  1126 | D:2      | Killed Natasha
  1126 | D:2      | Reached skill level 1 in Dodging
  1126 | D:2      | Reached XP level 4. HP: 38/40 MP: 4/4
  1226 | D:2      | Found a radiant altar of Vehumet.
  1234 | D:2      | Noticed Natasha
  1239 | D:2      | Killed Natasha
  1443 | D:2      | Noticed Natasha
  1455 | D:2      | Mangled by Natasha

Skill      XL: |  1  2  3 |
---------------+----------+-----
Axes           | 3 |  3.5
Fighting       | 4 |  4.2
Dodging        | 1 |  1.3
Armour         | |  3.8
Shields        | |  3.8

Action                   |  1- 3 |  4- 6 || total
-------------------------+-------+-------++-------
Melee: War axe           |    84 |    16 ||   100
  Use: Potion            |       |     1 ||     1
  Eat: Chunk             |     1 |     1 ||     2
Armor: Scale mail        |    59 |     8 ||    67
Dodge: Dodged            |    24 |     9 ||    33
Block: Shield            |    50 |    14 ||    64
